 Dungeon Crawl Stone Soup version 0.16.1-16-gc44b35d (webtiles) character file.

9459 KarvaRausku the Cleaver (level 11, -14/64 HPs)
             Began as a Gargoyle Fighter on Apr 16, 2015.
             Was a High Priest of Okawaru.
             Demolished by Snorg (20 damage)
             ... on level 1 of the Orcish Mines.
             The game lasted 00:44:13 (10986 turns).

KarvaRausku the Cleaver (Gargoyle Fighter)         Turns: 10986, Time: 00:44:13

Health: -14/64     AC: 24    Str: 23    XL:     11   Next: 46%
Magic:  11/11      EV: 13    Int:  9    God:    Okawaru [*****.]
Gold:   617        SH:  0    Dex: 11    Spells: 0 memorised, 10 levels left

rFire  . . .     SeeInvis .     a - +1 battleaxe (elec)
rCold  . . .     Clarity  .     V - +1 plate armour
rNeg   + . .     SustAb   .     (no shield)
rPois  ∞         Gourm    .     Q - +0 helmet
rElec  +         Spirit   .     E - +0 cloak
rCorr  .         Warding  .     (no gloves)
rMut   .         Stasis   .     T - +0 pair of boots
MR     .....                    (no amulet)
Stlth  ..........               X - +2 ring of strength
                                r - +5 ring of evasion

@: very slightly contaminated, hasted, very quick, not resistant to hostile
enchantments, extremely unstealthy
A: negative energy resistance 1, electricity resistance, unbreathing,
petrification resistance, rot immunity, AC +7
a: Heroism, Finesse, Renounce Religion


You were on level 1 of the Orcish Mines.
You worshipped Okawaru.
Okawaru was extremely pleased with you.
You were hungry.

You visited 3 branches of the dungeon, and saw 13 of its levels.
You also visited: Sewer.

You collected 617 gold pieces.

Inventory:

Hand weapons
 a - a +1 battleaxe of electrocution (weapon)
 u - the +10 long sword "Noco" {venom, rElec Str+3 Int+6 Stlth-}
   (You found it on level 8 of the Dungeon)

   It poisons the flesh of those it strikes.
   It affects your strength (+3).
   It affects your intelligence (+6).
   It insulates you from electricity.
   It makes you less stealthy.
 K - a +0 war axe
 O - the +4 Sword of Power
   (You found it on level 5 of the Dungeon)
 U - a +0 war axe
Armour
 c - a +0 shield
 h - a +0 chain mail
 v - a mottled dragon hide
 E - a +0 cloak (worn)
 Q - a +0 helmet (worn)
 T - a +0 pair of boots (worn)
 V - a +1 plate armour (worn)
Jewellery
 r - a +5 ring of evasion (left hand)
 I - an uncursed ring of see invisible
 N - an uncursed ring of protection from magic
 S - an uncursed ring of ice
 X - a +2 ring of strength (right hand)
Magical devices
 F - a wand of draining (4)
 P - a wand of lightning (9)
Scrolls
 j - 9 scrolls of identify
 k - 4 scrolls of teleportation
 l - a scroll of holy word {unknown}
 n - 2 scrolls of immolation
 o - a scroll of enchant armour
 p - 4 scrolls of fog
 q - 2 scrolls of magic mapping
 y - a scroll of blinking
 z - a scroll of summoning {unknown}
 H - a scroll of recharging
 J - 2 scrolls of remove curse
 Z - a scroll of fear
Potions
 b - a potion of ambrosia {unknown}
 e - 3 potions of might
 s - a potion of magic {unknown}
 t - a potion of restore abilities {unknown}
 w - 3 potions of agility {unknown}
 x - 2 potions of haste
 B - 5 potions of heal wounds {unknown}
 C - 5 potions of curing {unknown}
 D - a potion of mutation {unknown}
 G - a potion of brilliance {unknown}
 L - 3 potions of lignification {unknown}
 M - a potion of cure mutation {unknown}
 Y - a potion of beneficial mutation {unknown}
Books
 i - a book of Spatial Translocations

   Spells                             Type                      Level
   a - Apportation                    Translocation                1
   b - Blink                          Translocation                2
   c - Shroud of Golubria             Charms/Translocation         2
   d - Portal Projectile              Translocation                3
   e - Teleport Other                 Translocation                3
   f - Passage of Golubria            Translocation                4
 W - a Grand Grimoire {highlevel, unknown}

   This book is beyond your current level of understanding.

   Spells                             Type                      Level
   a - Aura of Abjuration             Summoning                    6
   b - Summon Greater Demon           Summoning                    7
   c - Malign Gateway                 Summoning/Translocation      7
   d - Summon Horrible Things         Summoning                    8
Comestibles
 d - 11 bread rations
 f - 7 beef jerkies
 g - 2 royal jellies
 m - 6 meat rations
 A - 8 fruits
 R - 7 chunks of flesh


   Skills:
 + Level 6.2 Fighting
 + Level 13.9 Axes
 + Level 5.7 Armour
 + Level 3.6 Dodging
 - Level 3.2 Shields


You had 10 spell levels left.
You didn't know any spells.

Dungeon Overview and Level Annotations

Branches:
Dungeon (11/15)            Temple (1/1) D:7            Lair (0/8) D:9
    Orc (1/4) D:10

Altars:
Ashenzari
Cheibriados
Dithmenos
Elyvilon
Fedhas
Gozag
Kikubaaqudgha
Makhleb
Nemelex Xobeh
Okawaru
Qazlal
Ru
Sif Muna
Trog
Vehumet
Xom
Yredelemnul
Zin
The Shining One

Shops:
D:5 [   D:10 :   D:11 ?

Annotations:
D:3 SosiskaBagetyon's ghost, average HuWn
D:8 Erolcha
Orc:1 Snorg


Innate Abilities, Weirdness & Mutations

You are resistant to torment.
You are immune to poison.
Your stone body is very resilient (AC +7).
You resist negative energy.
You are resistant to electric shocks.
You can survive without breathing.
You are immune to petrification.
You are immune to rotting.


Message History

Unknown command.
The orc closely misses you.
The orc shouts!
You hear a shout!
You hear a shout!
Snorg barely misses you. Snorg claws you but does no damage. Snorg claws you.
Snorg barely misses you. Snorg closely misses you. Snorg claws you.
Snorg bites you!
* * * LOW HITPOINT WARNING * * *
Snorg claws you.
* * * LOW HITPOINT WARNING * * *
Snorg claws you.
* * * LOW HITPOINT WARNING * * *
Drink which item? (? for menu, Esc to quit)
You feel yourself speed up. Snorg bites you but does no damage.
Snorg claws you but does no damage. x2
Snorg bites you but does no damage. Snorg closely misses you.
Snorg closely misses you.
You are very lightly contaminated with residual magic.
There is a staircase back to the Dungeon here.
Snorg bites you!!
You die...

## ##.### .###....##
........### ######
.........#)###.##.##
.....#.#..)(.@......##
.........)#)oT..##...#
...........#..#####.##
.................#####
.....#....##.o......##
.........##o.........#
...........o......##.##
....>...........######
.$.......o.......##.##


You could see Snorg (berserk) and 4 orcs.

Vanquished Creatures
  A tengu warrior (D:10)
  An unseen horror (D:11)
  An ugly thing (D:9)
  The ghost of KarvaRausku the Carver, an experienced DDFi of Yredelemnul (D:5)
  A centaur zombie (D:10)
  A tengu conjurer (D:11)
  Prince Ribbit (D:7)
  A raven (D:11)
  The ghost of trantor the Charmwright, an average HESk (D:4)
  4 slime creatures (D:10)
  3 yaks (D:11)
  A hippogriff (D:8)
  2 hungry ghosts
  A soldier ant (D:9)
  2 black bears
  6 orc warriors
  An ice beast (D:8)
  6 ogres
  An eye of draining (D:11)
  2 sky beasts
  2 big kobolds (D:10)
  2 centaurs
  5 giant frogs
  Blork the orc (D:7)
  5 scorpions
  A water moccasin skeleton (D:6)
  3 killer bees (D:7)
  5 wights (D:10)
  2 giant frog zombies
  6 crimson imps
  2 goliath beetles (D:6)
  A centaur skeleton (D:10)
  9 hounds
  8 jellies
  2 iguanas
  6 orc wizards
  3 orc priests
  14 worker ants
  A hound zombie (D:6)
  3 hound skeletons
  Robin (D:2)
  16 adders
  A gnoll (D:1)
  5 shadow imps
  5 giant mites
  2 worms (D:4)
  An adder skeleton (D:8)
  9 giant geckos
  An ooze (D:3)
  37 orcs
  3 bat skeletons
  4 giant cockroaches
  23 goblins
  21 hobgoblins
  18 jackals
  18 kobolds
  4 quokkas
  7 ball pythons
  6 bats
  A giant gecko skeleton (D:8)
  9 giant newts
  A kobold zombie (D:7)
  2 quokka skeletons
  7 rats
321 creatures vanquished.

Vanquished Creatures (others)
  2 fungi (D:5)
2 creatures vanquished.

Grand Total: 323 creatures vanquished

Notes
Turn   | Place    | Note
--------------------------------------------------------------
     0 | D:1      | KarvaRausku, the Gargoyle Fighter, began the quest for the Orb.
     0 | D:1      | Reached XP level 1. HP: 14/14 MP: 1/1
    65 | D:1      | Reached XP level 2. HP: 19/19 MP: 2/2
   554 | D:2      | Noticed Robin
   565 | D:2      | Reached XP level 3. HP: 18/23 MP: 3/3
   571 | D:2      | Killed Robin
   905 | D:2      | Reached XP level 4. HP: 19/28 MP: 4/4
  1062 | D:2      | Reached skill level 4 in Axes
  1268 | D:3      | Noticed SosiskaBagetyon's ghost (average HuWn)
  1426 | D:3      | Reached XP level 5. HP: 22/32 MP: 5/5
  1534 | D:4      | Found a glowing drain.
  1558 | D:4      | Reached skill level 5 in Axes
  1568 | Sewer    | Entered a sewer
  1933 | D:4      | Reached XP level 6. HP: 37/37 MP: 6/6
  2146 | D:4      | Noticed trantor's ghost (average HESk)
  2183 | D:4      | Reached skill level 6 in Axes
  2360 | D:3      | Noticed a giant frog
  2368 | D:3      | Killed a giant frog
  2815 | D:5      | Entered Level 5 of the Dungeon
  2815 | D:5      | Found Qamepi Fani's Antique Armour Shop.
  2836 | D:5      | Noticed a hungry ghost
  2891 | D:5      | Killed a hungry ghost
  2891 | D:5      | Reached skill level 7 in Axes
  2891 | D:5      | Reached XP level 7. HP: 35/41 MP: 7/7
  3167 | D:5      | Noticed KarvaRausku's ghost (experienced DDFi)
  3792 | D:5      | Reached skill level 8 in Axes
  4020 | D:6      | Reached XP level 8. HP: 37/46 MP: 8/8
  4478 | D:6      | HP: 1/46 [goliath beetle (22)]
  4521 | D:6      | You fall through a shaft!
  4525 | D:7      | Noticed Prince Ribbit
  4532 | D:7      | Found a staircase to the Ecumenical Temple.
  4542 | Temple   | Entered the Ecumenical Temple
  4595 | Temple   | Became a worshipper of Warmaster Okawaru
  4819 | Temple   | Reached skill level 9 in Axes
  4836 | D:7      | Acquired Okawaru's first power
  5153 | D:7      | Reached skill level 10 in Axes
  5157 | D:7      | Noticed Blork the orc
  5169 | D:7      | Killed Blork the orc
  5285 | D:7      | Reached XP level 9. HP: 42/51 MP: 9/9
  5818 | D:5      | Killed KarvaRausku's ghost
  5818 | D:5      | Reached skill level 11 in Axes
  6106 | D:4      | Killed trantor's ghost
  6365 | D:7      | Killed Prince Ribbit
  6485 | D:7      | Found a bloodstained altar of Trog.
  6800 | D:8      | Reached skill level 12 in Axes
  7302 | D:8      | Reached XP level 10. HP: 38/56 MP: 10/10
  7460 | D:8      | Noticed Erolcha
  7793 | D:8      | Got a smoking long sword
  7794 | D:8      | Identified the +10 long sword "Noco" {venom, rElec Str+3 Int+6 Stlth-} (You found it on level 8 of the Dungeon)
  7861 | D:8      | Reached skill level 13 in Axes
  7994 | D:8      | Found a shimmering altar of Xom.
  8001 | D:8      | Found a shadowy altar of Dithmenos.
  8322 | D:9      | Found a staircase to the Lair.
  8431 | D:9      | Found a glowing golden altar of the Shining One.
  8537 | D:9      | Noticed a purple ugly thing
  8565 | D:9      | Killed a purple ugly thing
  9034 | D:10     | Entered Level 10 of the Dungeon
  9096 | D:10     | Reached skill level 1 in Dodging
  9309 | D:10     | Found Gramal's Book Emporium.
  9355 | D:10     | Acquired Okawaru's second power
  9355 | D:10     | Reached skill level 5 in Fighting
  9355 | D:10     | Reached XP level 11. HP: 24/63 MP: 11/11
  9501 | D:10     | Found a staircase to the Orcish Mines.
  9918 | D:11     | Found Skas Atz's Magic Scroll Emporium.
  9937 | D:11     | Noticed a tengu warrior
 10002 | D:10     | Killed a tengu warrior
 10021 | D:10     | Reached skill level 5 in Armour
 10378 | D:11     | Noticed an unseen horror
 10386 | D:11     | Killed an unseen horror
 10669 | D:11     | Noticed a hill giant
 10874 | Orc:1    | Entered Level 1 of the Orcish Mines
 10894 | Orc:1    | Received a gift from Okawaru
 10968 | Orc:1    | Noticed Snorg
 10986 | Orc:1    | Demolished by Snorg

Action                   |  1- 3 |  4- 6 |  7- 9 | 10-12 || total
-------------------------+-------+-------+-------+-------++-------
Melee: War axe           |    86 |   365 |   589 |       ||  1040
       Great sword       |       |       |    34 |       ||    34
       Battleaxe         |       |       |     1 |   359 ||   360
       Long sword        |       |       |       |    28 ||    28
  Use: Scroll            |       |       |     5 |    11 ||    16
       Potion            |       |       |     1 |     1 ||     2
  Eat: Chunk             |       |     7 |     7 |    10 ||    24
       Bread ration      |       |     1 |     1 |       ||     2
       Beef jerky        |       |       |     1 |       ||     1
       Pizza             |       |       |       |     2 ||     2
